 Dungeon Crawl Stone Soup version 0.21-a0-591-g2314aa112c (webtiles) character file.

41 bimbo the Cudgeler (level 3, 0/22 HPs)
             Began as a Gargoyle Gladiator on Dec 22, 2017.
             Slain by a ball python (1 damage)
             ... on level 1 of the Dungeon.
             The game lasted 00:09:12 (986 turns).

bimbo the Cudgeler (Gargoyle Gladiator)              Turns: 986, Time: 00:09:12

Health: 0/22       AC:  7    Str: 18    XL:     3   Next: 52%
Magic:  3/3        EV:  9    Int:  8    God:
Gold:   21         SH:  0    Dex: 11    Spells: 2/2 levels left

rFire    . . .     SeeInvis .   a - +0 flail
rCold    . . .     Gourm    .   (no shield)
rNeg     + . .     Faith    .   b - +0 leather armour
rPois    ∞         Spirit   .   c - +0 helmet
rElec    +         Reflect  .   (no cloak)
rCorr    .         Harm     .   (no gloves)
MR       .....                  (no boots)
Stlth    +.........             (no amulet)
HPRegen  0.07/turn              (no ring)
MPRegen  0.08/turn              (no ring)

@: constricted
A: negative energy resistance 1, electricity resistance, unbreathing,
petrification resistance, rot immunity, AC +3
a: no special abilities


You were on level 1 of the Dungeon.
You were not hungry.

You visited 1 branch of the dungeon, and saw 1 of its levels.

You collected 21 gold pieces.

Inventory:

Hand Weapons
 a - a +0 flail (weapon)
 g - a +0 short sword
 k - a +0 hand axe
Missiles
 d - a throwing net (quivered)
 e - 30 stones
Armour
 b - a +0 leather armour (worn)
 c - a +0 helmet (worn)
Jewellery
 h - a cursed ring of loudness {unknown}
Scrolls
 l - 2 scrolls of remove curse {unknown}
 m - a scroll of identify {unknown}
 n - a scroll of blinking {unknown}
Potions
 i - a potion of flight {unknown}
 j - a potion of agility {unknown}
 o - 2 potions of might {unknown}
Comestibles
 f - a ration


   Skills:
 + Level 2.6 Fighting
 + Level 3.7 Maces & Flails
 + Level 1.8 Throwing
 + Level 0.1 Armour
 + Level 2.8 Dodging


You had 2 spell levels left.
You didn't know any spells.

Dungeon Overview and Level Annotations

Branches:
Dungeon (1/15)

Altars:


Innate Abilities, Weirdness & Mutations

You are resistant to torment.
Your stone body is resilient. (AC +3)
You are immune to poison.
You resist negative energy. (rN+)
You are resistant to electric shocks. (rElec)
You can survive without breathing.
You are immune to petrification.
You are immune to rotting.


Message History

You hit the leopard gecko.
You kill the leopard gecko!
You hit the ball python but do no damage.
The ball python closely misses you. The ball python grabs you.
* * * LOW HITPOINT WARNING * * *
The ball python constricts you. The ball python closely misses you.
The ball python constricts you.
You completely miss the ball python. The hobgoblin hits you with a club.
* * * LOW HITPOINT WARNING * * *
The ball python completely misses you. The ball python constricts you.
You closely miss the ball python.
The ball python bites you but does no damage.
The ball python constricts you.
The hobgoblin hits you but does no damage.
The ball python bites you but does no damage.
The ball python constricts you.
You barely miss the ball python.
The hobgoblin hits you but does no damage.
The ball python barely misses you.
You die...

....##......#...
.#..........# .#....
..........### ......
#..).#.....## #........
#.#.#####...####
######........ ##..#
##.....#
##............. ...##
##....#
##.............. .###
###..###...............
##
#...@Sg..............
###g##...............
#.........)..).....
####...............
##..............
##.............
#########..... #####


You could see 2 hobgoblins and a ball python.

Vanquished Creatures
  4 dart slugs (D:1)
  3 leopard geckos (D:1)
  4 giant cockroaches (D:1)
  4 goblins (D:1)
  3 hobgoblins (D:1)
  A ball python (D:1)
  A bat (D:1)
  A frilled lizard (D:1)
  4 kobolds (D:1)
  4 rats (D:1)
29 creatures vanquished.

Notes
Turn   | Place    | Note
-------+----------+-------------------------------------------
     0 | D:1      | bimbo the Gargoyle Gladiator began the quest for the Orb.
     0 | D:1      | Reached XP level 1. HP: 12/12 MP: 1/1
   261 | D:1      | Reached XP level 2. HP: 17/17 MP: 2/2
   482 | D:1      | Reached XP level 3. HP: 21/22 MP: 3/3
   984 | D:1      | HP: 1/22 [hobgoblin/club (3)]
   986 | D:1      | Slain by a ball python

Vault maps used:
D:1:      dpeg_arrival_simpleton_a, minmay_three_crescents

Action                   || total
-------------------------++-------
Melee: Flail             ||    72
       Short sword       ||    13
Throw: Throwing net      ||     2
Armor: Leather armour    ||    52
Dodge: Dodged            ||    97

Table legend:
 A = Spawn XP
 B = Non-spawn XP
 C = Spawn XP percentage of total XP
 D = Spawn monster count
 E = Non-spawn monster count
 F = Spawn count percentage of total count
 G = Total turns spent on level
                    A         B        C        D         E        F      G
               +---------+---------+-------+---------+---------+-------+---------
         Total |       0 |      59 |   0.0 |       0 |      29 |   0.0 |   986
               +---------+---------+-------+---------+---------+-------+---------
           D:1 |       0 |      59 |   0.0 |       0 |      29 |   0.0 |   986
               +---------+---------+-------+---------+---------+-------+---------
